 Dungeon Crawl Stone Soup version 0.20-a0-618-gbb8d3ca (webtiles) character file.

1518 Anonex the Digger (level 8, -4/41 HPs)
             Began as a Gargoyle Earth Elementalist on Feb 9, 2017.
             Was an Initiate of Vehumet.
             Slain by an orc warrior
             ... wielding a +0 glaive
              (7 damage)
             ... on level 7 of the Dungeon.
             The game lasted 00:23:16 (8991 turns).

Anonex the Digger (Gargoyle Earth Elementalist)     Turns: 8991, Time: 00:23:17

Health: -4/41      AC: 12    Str: 18    XL:     8   Next: 84%
Magic:  12/18      EV: 12    Int: 17    God:    Vehumet [......]
Gold:   59         SH:  0    Dex: 13    Spells: 12/21 levels left

rFire    . . .     SeeInvis .   r - +5 quarterstaff (chaos)
rCold    . . .     Gourm    +   c - +1 robe
rNeg     + . .     Faith    .   (shield currently unavailable)
rPois    ∞         Spirit   .   t - +1 hat
rElec    +         Reflect  .   E - +0 cloak "Biriwui" {MR+}
rCorr    .         Harm     .   y - +1 pair of gloves {Dex+3}
MR       +....                  (no boots)
Stlth    ++........             o - amulet of the gourmand (curse)
Regen    0.2/turn               (no ring)
                                (no ring)

@: mighty
A: negative energy resistance 1, electricity resistance, unbreathing,
petrification resistance, rot immunity, AC +5
a: Renounce Religion


You were on level 7 of the Dungeon.
You worshipped Vehumet.
Vehumet was noncommittal.
You were completely stuffed.

You visited 2 branches of the dungeon, and saw 8 of its levels.

You collected 344 gold pieces.
You spent 285 gold pieces at shops.

Inventory:

Hand Weapons
 i - a +0 short sword
 q - a +0 flail of crushing
 r - a +5 quarterstaff of chaos (weapon)
Missiles
 b - 206 stones (quivered)
Armour
 c - a +1 robe (worn)
 t - a +1 hat (worn)
 y - a +1 pair of gloves of dexterity (worn)
 E - the +0 cloak "Biriwui" (worn) {MR+}
   (You bought it in a shop on level 5 of the Dungeon)

   It affects your resistance to hostile enchantments.
 G - a +2 leather armour of poison resistance
Jewellery
 o - a cursed amulet of the gourmand (around neck)
Scrolls
 h - a scroll of recharging
 k - 2 scrolls of amnesia
 n - 2 scrolls of immolation
 v - a scroll of magic mapping
 x - a scroll of enchant weapon
 B - a scroll of remove curse
 F - a scroll of teleportation
Potions
 f - 2 potions of lignification
 g - a potion of invisibility {unknown}
 j - a potion of resistance
 l - a potion of cancellation
 m - a potion of might
 u - a potion of brilliance {unknown}
 w - a potion of flight {unknown}
 A - a potion of cure mutation {unknown}
 C - 4 potions of curing
 D - a potion of agility {unknown}
Books
 e - a book of Geomancy

   Spells                             Type                      Level
   a - Sandblast                      Earth                        1
   b - Passwall                       Transmutation/Earth          2
   c - Stone Arrow                    Conjuration/Earth            3
   d - Petrify                        Transmutation/Earth          4
   e - Lee's Rapid Deconstruction     Earth                        5
Comestibles
 a - 3 meat rations
 d - 8 bread rations
 p - 8 fruits
 s - a chunk of flesh


   Skills:
 + Level 0.0 Fighting
 + Level 0.0 Armour
 + Level 1.5 Dodging
 - Level 2.1 Stealth
 * Level 7.2 Spellcasting
 + Level 5.5 Conjurations
   Level 0.7 Transmutations
 + Level 7.4 Earth Magic


You had 12 spell levels left.
You knew the following spells:

 Your Spells              Type           Power        Failure   Level  Hunger
a - Sandblast             Erth           ####..       1%          1    None
b - Stone Arrow           Conj/Erth      ####..       2%          3    ##.....
c - Lee's Rapid Deconstr  Erth           ####......   17%         5    #####..


Dungeon Overview and Level Annotations

Branches:
Dungeon (7/15)             Temple (1/1) D:5

Altars:
Ashenzari
Cheibriados
Dithmenos
Elyvilon
Fedhas
Gozag
Hepliaklqana
Kikubaaqudgha
Makhleb
Nemelex Xobeh
Okawaru
Qazlal
Ru
Sif Muna
Trog
Uskayaw
Vehumet
Xom
Yredelemnul
Zin
The Shining One

Shops:
D:5 *

Annotations:
D:2 Terence


Innate Abilities, Weirdness & Mutations

You are resistant to torment.
Your stone body is resilient. (AC +5)
You are immune to poison.
You resist negative energy. (rN+)
You are resistant to electric shocks. (rElec)
You can survive without breathing.
You are immune to petrification.
You are immune to rotting.


Message History

Aiming: Stone Arrow
Press: ? - help, Shift-Dir - straight line, f/p - orc warrior
Aim: an orc warrior, wielding a glaive and wearing a plate armour (lightly wounded)
The stone arrow hits the orc warrior.
The orc warrior is moderately wounded.
The orc warrior hits you from afar with a glaive.
* * * LOW HITPOINT WARNING * * *
Casting: Stone Arrow
Confirm with . or Enter, or press ? or * to list all spells.
Aiming: Stone Arrow
Press: ? - help, Shift-Dir - straight line, f/p - orc warrior
Aim: an orc warrior, wielding a glaive and wearing a plate armour (moderately wounded)
Okay, then.
You feel much better.
You feel very mighty all of a sudden.
The orc warrior hits you from afar with a glaive!!
Ouch! That really hurt!
* * * LOW HITPOINT WARNING * * *
The orc warrior hits you with a glaive!
You die...

## #.. . ... .###
#.# .... #.#
####..### ##
#.####### .........
....#.o......
........#.
..#.#o....#
.<.......###.. #o#
.###.#.#.#...# #@#
.....#.#.#.#.###.#
.#.#.#.#.#...#...#
.#.#.#.#.#...#.#...#
.#.#.#.#.#.#...#.###
.#.....#.#.#####.#
.#...............#
.....###.#+#######
...........


You could see an orc warrior and 2 orcs.

Vanquished Creatures
  The ghost of Lahna the Changer, a novice DrTm (D:5)
  2 ogres
  A bullfrog (D:6)
  A scorpion (D:5)
  A crimson imp (D:5)
  A bullfrog zombie (D:5)
  2 hounds
  8 orc priests
  A centaur skeleton (D:5)
  Crazy Yiuf (D:3)
  Jessica (D:3)
  2 iguanas (D:5)
  2 orc wizards (D:4)
  4 worker ants
  A hound skeleton (D:4)
  A howler monkey zombie (D:6)
  4 gnolls (D:5)
  9 adders
  2 shadow imps
  2 adder skeletons
  2 worms
  2 dart slugs
  5 leopard geckos
  17 orcs
  4 ball pythons
  2 bats
  2 giant cockroaches
  13 goblins
  12 hobgoblins
  4 jackals (D:3)
  A quokka (D:2)
  4 frilled lizards
  10 kobolds
  A leopard gecko zombie (D:5)
  6 rats
  A plant (D:1)
133 creatures vanquished.

Notes
Turn   | Place    | Note
-------+----------+-------------------------------------------
     0 | D:1      | Anonex the Gargoyle Earth Elementalist began the quest for the Orb.
     0 | D:1      | Reached XP level 1. HP: 10/10 MP: 3/3
   324 | D:1      | Reached XP level 2. HP: 15/15 MP: 3/5
  1015 | D:1      | Reached XP level 3. HP: 19/19 MP: 7/7
  1020 | D:1      | Learned a level 3 spell: Stone Arrow
  1748 | D:2      | Noticed Terence
  2099 | D:2      | Reached skill level 1 in Conjurations
  2198 | D:2      | Reached XP level 4. HP: 24/24 MP: 8/8
  3385 | D:3      | Noticed Jessica
  3386 | D:3      | Killed Jessica
  3386 | D:3      | Reached XP level 5. HP: 28/28 MP: 6/10
  3851 | D:3      | Found a runed door.
  3855 | D:3      | Noticed Crazy Yiuf
  4311 | D:3      | Killed Crazy Yiuf
  4311 | D:3      | Reached skill level 5 in Earth Magic
  4645 | D:4      | Reached XP level 6. HP: 32/32 MP: 12/12
  4655 | D:4      | Learned a level 5 spell: Lee's Rapid Deconstruction
  5557 | D:4      | Reached XP level 7. HP: 36/36 MP: 14/14
  5709 | D:4      | Reached skill level 5 in Spellcasting
  6009 | D:5      | Entered Level 5 of the Dungeon
  6949 | D:5      | Found a staircase to the Ecumenical Temple.
  6956 | D:5      | Noticed Lahna's ghost (novice DrTm)
  6958 | Temple   | Entered the Ecumenical Temple
  6974 | Temple   | Became a worshipper of Vehumet
  7056 | D:5      | Killed Lahna's ghost
  7056 | D:5      | Reached XP level 8. HP: 27/41 MP: 1/17
  7200 | D:5      | Reached skill level 5 in Conjurations
  7351 | D:5      | Found Ymeado's Assorted Antiques.
  7801 | D:6      | Found a deep blue altar of Sif Muna.
  8813 | D:5      | Bought a brightly glowing cloak for 285 gold pieces
  8823 | D:5      | Identified the +0 cloak "Biriwui" {MR+} (You bought it in a shop on level 5 of the Dungeon)
  8888 | D:7      | Found a shimmering altar of Xom.
  8991 | D:7      | Slain by an orc warrior

Vault maps used:
D:1:      dpeg_arrival_rhombi, serial_bayou_lagoon_b
D:2:      uniq_terence
D:3:      first_bread, uniq_crazy_yiuf_cottage, uniq_jessica
D:5:      minmay_temple_entry_statues_pillars, serial_shops,
          kennysheep_mini_moat
D:6:      basic_altar
D:7:      basic_altar, uniq_joseph, uniq_duvessa
Temple:   grunt_wide_crystal_templ

Skill      XL: |  1  2  3  4  5  6  7  8 |
---------------+-------------------------+-----
Earth Magic    | 4 5 6 7 |  7.4
Spellcasting   | 3 4 6 7 |  7.2
Conjurations   | 1 2 3 4 5 |  5.5
Dodging        | |  1.5
Stealth        | |  2.1
Transmutations | |  0.7

Action                   |  1- 3 |  4- 6 |  7- 9 || total
-------------------------+-------+-------+-------++-------
Melee: Short sword       |   215 |   120 |       ||   335
       Quarterstaff      |       |    39 |   130 ||   169
 Cast: Sandblast         |    24 |    27 |       ||    51
       Stone Arrow       |       |     9 |    17 ||    26
  Use: Scroll            |     6 |     9 |     4 ||    19
       Potion            |       |     4 |     2 ||     6
 Stab: Sleeping          |     2 |     2 |     2 ||     6
       Paralysed         |       |       |     2 ||     2
  Eat: Chunk             |     5 |    10 |    22 ||    37
       Fruit             |       |     4 |       ||     4
Armor: Robe              |    28 |    74 |    60 ||   162
Dodge: Dodged            |    46 |   111 |    88 ||   245
